 Dungeon Crawl Stone Soup version 0.30-a0-743-gbfdf073431 (webtiles) character file.

Game seed: 4097385504850904290

1 DEFE the Chiller (level 1, -3/18 HPs)
             Began as a Demonspawn Wanderer on Feb 6, 2023.
             Slain by a gnoll
             ... wielding a +0 club
              (6 damage)
             ... on level 1 of the Dungeon.
             The game lasted 00:00:19 (235 turns).

DEFE the Chiller (Demonspawn Wanderer)               Turns: 235, Time: 00:00:20

Health: -3/18      AC:  2    Str: 12    XL:     1   Next: 16%
Magic:  2/2        EV: 11    Int: 15    God:
Gold:   25         SH:  0    Dex: 10    Spells: 2/2 levels left

rFire   . . .      SeeInvis .    a - +0 club
rCold   . . .      Faith    .    (no shield)
rNeg    . . .      Spirit   .    c - +0 robe
rPois   .          Reflect  .    (no helmet)
rElec   .          Harm     .    (no cloak)
rCorr   .          Rampage  .    (no gloves)
Will    .....                    (no boots)
Stlth   +                        (no amulet)
HPRegen 0.23/turn                (no ring)
MPRegen 0.08/turn                (no ring)

@: no status effects
A: no striking features
a: no special abilities


You were on level 1 of the Dungeon.
You visited 1 branch of the dungeon, and saw 1 of its levels.

You collected 25 gold pieces.

Inventory:

Hand Weapons
 a - a +0 club (weapon)
Armour
 c - a +0 robe (worn)
Scrolls
 b - a scroll of fear
 f - a scroll of fog {unknown}
 g - a scroll of magic mapping {unknown}
Potions
 d - a potion of curing
 e - 2 potions of magic {unknown}


   Skills:
 - Level 3.0 Fighting
 + Level 1.0 Spellcasting
 + Level 3.6 Ice Magic
 + Level 1.0 Air Magic
 - Level 1.2 Invocations


You had 2 spell levels left.
You didn't know any spells.
Your spell library contained the following spells:

 Spells                   Type           Power      Damage    Failure   Level
 Freeze                   Ice            44%        1d6       5%          1
 Shock                    Conj/Air       8%         1d3       21%         1
 Ozocubu's Armour         Ice            11%        N/A       17%         3
 Swiftness                Air            3%         N/A       43%         3
 Ice Form                 Ice/Tmut       6%         N/A       75%         4


Dungeon Overview and Level Annotations

Branches:
Dungeon (1/15)

Altars:


Message History

The frilled lizard closely misses you.
You hit the frilled lizard.
You kill the frilled lizard!
No target in view!
No target in view!
No target in view!
No target in view!
No target in view!
No target in view!
No target in view!
No target in view!
No target in view!
No target in view!
No target in view!
No target in view!
No target in view!
Found a rapier.
Health restored: 18 You see here a +0 rapier.
A gnoll comes into view. It is wielding a +0 club.
The gnoll shouts!
You hit the gnoll. The gnoll barely misses you.
You barely miss the gnoll. The gnoll closely misses you.
The gnoll hits you with a +0 club.
You take 4 damage, and have 14/18 hp.
MASSIVE DAMAGE!!
You hit the gnoll but do no damage. The gnoll hits you with a +0 club.
The gnoll hits you with a +0 club.
You take 6 damage, and have 8/18 hp.
MASSIVE DAMAGE!!
You barely miss the gnoll. The gnoll barely misses you.
You barely miss the gnoll. The gnoll closely misses you.
Unknown command.
You hit the gnoll. The gnoll hits you with a +0 club.
* * * LOW HITPOINT WARNING * * *
The gnoll closely misses you.
You take 5 damage, and have 3/18 hp.
MASSIVE DAMAGE!!
You hit the gnoll. The gnoll hits you with a +0 club.
You die...

#####...........##
####..##
########.......## #.##
...### ##...#+## #.#
.....## ##....# #.#
##....## #....# #.#
####...# #..#.# #.#
...##..## #[...#
#.##### ##..#...#
#.....##########..†..#
.##.##..#
#@..........###.#
.##.##..#
#g##..........).#
.##.##..#
...##.#########..#
##..#...#
#.#####...#...#....#
...##..## #
#.#.#.#.#.#..#
####...#
#.#.#.#.#.#..#
##....##
#.#.#.#.#.#..# .....##
#.#.#.#.#.#..# ...###
..#.#.#.#.#..#


You could see a gnoll.

Vanquished Creatures
  A frilled lizard (D:1)
  A kobold (D:1)
2 creatures vanquished.

Notes
Turn   | Place    | Note
-------+----------+-------------------------------------------
     0 | D:1      | DEFE the Demonspawn Wanderer began the quest for the Orb.
     0 | D:1      | DEFE set off with the following items: a +0 club, a scroll
                  | of fear, a +0 robe, a potion of curing; and the following
                  | spells available to memorise: Freeze, Shock, Ozocubu's
                  | Armour, Swiftness, Ice Form.
     0 | D:1      | Reached XP level 1. HP: 18/18 MP: 2/2
   235 | D:1      | Slain by a gnoll

Illustrated notes

Levels and vault maps discovered:
D:1:      dpeg_arrival_concentric_ovals, layout_loops_corners,
          ebering_ecumenical_altar_sacrificial, minivault_27

Action                     || total
---------------------------++-------
  Melee: Club              ||    15
 Armour: Robe              ||     1
  Dodge: Dodged            ||    11

Table legend: (Time is in decaauts)
 A = Elapsed time spent in this place.
 B = Non-inter-level travel time spent in this place.
 C = Inter-level travel time spent in this place.
 D = Time resting spent in this place.
 E = Time spent auto-exploring this place.
 F = Levels seen in this place.
 G = Mean time per level.
                   A        B        C        D        E       F      G
               +--------+--------+--------+--------+--------+-----+--------+
         Total |    239 |    239 |      0 |      0 |    207 |   1 |  239.0 |
       Dungeon |    239 |    239 |      0 |      0 |    207 |   1 |  239.0 |
               +--------+--------+--------+--------+--------+-----+--------+

Top non-repeatable levels by time:
     D:1: 239 daAuts
